Map: Prion Terraces

Players

Prion

  • Race: Zerg Zerg
  • League: Platinum

LilDicky - Winner!

  • Race: Terran Terran
  • League: Diamond

VOD

http://www.twitch.tv/tumescentpie

Description

Time

  • Played on: Dec. 6, 2015, 4:08 p.m.
  • Length: 10:53
Show
View Real Time Build Order
Export as new Build Order

Prion Zerg 

Build Orders: Hatch First 

Get SALT Encoding   

  12  0:01  Drone  
  13  0:08  Drone  
  14  0:20  Extractor  
  14  0:21  Drone, Extractor  
  14  0:22  Drone  
  16  0:46  Hatchery  
  16  0:48  Overlord  
  15  0:52  Extractor  
  15  0:57  Drone, Extractor  
  15  1:09  Drone  
  16  1:15  Spawning Pool  
  15  1:20  Drone x2  
  17  1:29  Drone  
  18  1:37  Drone  
  19  2:00  Drone  
  20  2:02  Metabolic Boost  
  20  2:06  Queen  
  22  2:09  Spine Crawler  
  22  2:11  Drone  
  22  2:13  Zergling x2  
  23  2:17  Zergling x2  
  23  2:19  Zergling x2  
  23  2:22  Zergling x2  
  26  2:32  Zergling x2  
  26  2:33  Zergling x2  
  28  2:39  Spore Crawler  
  27  2:49  Drone  
  28  2:51  Overlord  
  28  3:04  Spore Crawler  
  28  3:05  Overlord  
  27  3:07  Drone  
  27  3:09  Queen  
  27  3:12  Drone x3  
  33  3:19  Drone  
  33  3:28  Drone x4  
  37  3:38  Baneling Nest  
  36  3:47  Drone x2  
  36  3:48  Hatchery  
  37  3:53  Extractor  
  37  3:55  Extractor  
  35  4:01  Zergling x8  
  35  4:02  Zergling x2  
  40  4:08  Hatchery  
  39  4:13  Queen  
  39  4:15  Overlord  
  41  4:24  Drone x2  
  43  4:27  Overlord  
  43  4:31  Overlord x2  
  43  4:35  Lair  
  40  4:56  Spine Crawler  
  35  5:19  Drone x4  
  35  5:20  Drone x2  
  35  5:21  Roach Warren, Drone  
  40  5:25  Drone x2  
  40  5:26  Drone, Queen  
  42  5:35  Zergling x2  
  42  5:36  Zergling x6  
  45  5:45  Zergling x2  
  45  5:48  Zergling x8  
  50  5:51  Zergling x4  
  50  5:53  Zergling x4  
  50  5:54  Zergling x4  
  51  6:18  Spine Crawler  
  50  6:19  Glial Reconstitution  
  50  6:21  Spore Crawler  
  50  6:23  Roach x10  
  50  6:24  Roach  
  72  6:33  Roach x3  
  72  6:35  Drone  
  72  6:37  Drone  
  70  7:15  Roach x8  
  86  7:20  Overlord x4  
  82  7:36  Roach x4  
  88  7:40  Baneling x2  
  88  7:41  Baneling x8  
  88  7:42  Baneling x2  
  57  8:11  Zergling x4  
  57  8:12  Zergling x26  
  70  8:16  Roach Warren  
  69  8:31  Hydralisk Den  
  68  8:34  Drone x2  
  70  8:45  Drone x3  
  73  8:55  Tunneling Claws  
  73  8:57  Spine Crawler  
  73  9:00  Evolution Chamber  
  73  9:02  Evolution Chamber  
  70  9:07  Queen  
  70  9:09  Drone x2  
  67  9:20  Roach x4  
  67  9:22  Hatchery  
  74  9:30  Drone  
  75  9:36  Muscular Augments  
  75  9:38  Drone x3  
  46  10:00  Roach  
  46  10:01  Roach x11  
  70  10:15  Hydralisk x4  
  77  10:29  Zergling x6  
  77  10:30  Zergling x4  
  77  10:31  Zergling x2  
  77  10:32  Zergling x4  
Show
View Real Time Build Order
Export as new Build Order

LilDicky Terran - Winner!

Build Orders:  

Get SALT Encoding   

  12  0:01  SCV  
  13  0:13  SCV  
  14  0:19  Supply Depot  
  14  0:25  SCV  
  15  0:40  SCV, Refinery  
  16  0:45  Barracks  
  16  0:52  SCV  
  17  1:04  SCV  
  18  1:17  SCV, Refinery  
  20  1:34  Supply Depot, Marine  
  20  1:37  Orbital Command  
  20  1:47  Factory  
  20  1:52  Marine  
  21  2:05  SCV  
  21  2:07  Supply Depot  
  22  2:10  Marine  
  23  2:26  SCV  
  23  2:27  Marine  
  25  2:31  Starport  
  25  2:35  Armory  
  25  2:37  Factory Tech Lab  
  25  2:40  SCV  
  26  2:50  Marine  
  27  2:52  SCV  
  28  3:01  Supply Depot  
  28  3:04  SCV  
  29  3:21  Thor  
  29  3:22  Medivac  
  29  3:23  SCV  
  29  3:25  Marine  
  39  3:34  Supply Depot  
  39  3:35  SCV  
  40  3:47  SCV  
  40  3:48  Marine  
  44  4:00  SCV  
  44  4:01  Supply Depot  
  45  4:07  Thor  
  49  4:15  SCV  
  49  4:17  Marine  
  50  4:18  Medivac  
  50  4:21  Supply Depot  
  53  4:27  SCV  
  54  4:39  SCV  
  55  4:59  SCV  
  56  5:17  SCV  
  56  5:18  Starport Tech Lab  
  56  5:19  Siege Tank  
  60  5:22  Marine  
  60  5:24  Command Center  
  60  5:26  Command Center  
  61  5:29  SCV  
  62  5:51  Siege Tank  
  65  6:31  SCV  
  66  6:40  Siege Tank  
  66  6:41  Banshee  
  72  7:11  Orbital Command  
  72  7:12  Siege Tank, Orbital Command  
  72  7:14  Cloaking Field  
  75  7:15  Command Center  
  75  7:24  Banshee  
  78  8:02  SCV  
  78  8:04  Orbital Command  
  76  8:08  Orbital Command  
  76  8:27  SCV  
  76  8:30  Siege Tank  
  80  8:41  SCV x2  
  80  8:43  SCV  
  80  8:46  Refinery  
  80  8:48  Refinery  
  83  8:53  SCV x2  
  83  8:55  SCV  
  86  8:56  Banshee  
  86  9:01  Barracks  
  86  9:02  Thor  
  93  9:24  SCV x2  
  95  9:35  Barracks  
  95  9:36  Barracks x2  
  95  9:37  Barracks  
  95  9:40  Barracks  
  86  10:17  Siege Tank  
  86  10:21  Marine x2  
  90  10:25  Marine x2  
  90  10:26  Refinery x2  
Tags
 
Add a new tag
Caveats
  • Supply blocks, unpowered buildings, or Contaminate may cause inaccurate times.
  • Supply counts are checked every 10 seconds.